 Dungeon Crawl Stone Soup version 0.22-a0-247-gbddf880 (webtiles) character file.

1771 sankara the Basher (level 9, -1/69 (70) HPs)
             Began as a Ghoul Fighter on Feb 26, 2018.
             Was a Follower of Okawaru.
             Slain by a killer bee (5 damage)
             ... on level 7 of the Dungeon.
             The game lasted 00:18:54 (5241 turns).

sankara the Basher (Ghoul Fighter)                  Turns: 5241, Time: 00:18:54

HP:   -1/69 (70)    AC:  9    Str: 20    XL:     9   Next: 7%
MP:   11/11         EV:  9    Int:  6    God:    Okawaru [*.....]
Gold: 317           SH:  4    Dex:  8    Spells: 7/8 levels left

rFire    . . .     SeeInvis +   a - +2 whip (flame)
rCold    + . .     Gourm    .   J - +0 buckler
rNeg     + + +     Faith    .   b - +0 scale mail
rPois    ∞         Spirit   .   e - +2 hat
rElec    .         Reflect  .   A - +0 cloak
rCorr    .         Harm     .   (no gloves)
MR       .....                  (no boots)
Stlth    +.........             (no amulet)
HPRegen  0.00/turn              l - ring of stealth {Stlth+}
MPRegen  0.12/turn              p - ring of see invisible {sInv, !d}

@: rotting
A: rotting body, claws 1, carnivore, cold resistance 1, negative energy
resistance 3, inhibited regeneration, torment resistance, unbreathing
a: Heroism, Renounce Religion


You were on level 7 of the Dungeon.
You worshipped Okawaru.
Okawaru was aware of your devotion.
You were not hungry.

You visited 2 branches of the dungeon, and saw 8 of its levels.

You collected 317 gold pieces.

Inventory:

Hand Weapons
 a - a +2 whip of flaming (weapon)
   (You took it off a kobold on level 1 of the Dungeon)
Missiles
 k - 117 stones (quivered)
 C - 6 tomahawks of returning
 F - 3 poisoned tomahawks
Armour
 b - a +0 scale mail (worn)
 e - a +2 hat (worn)
   (You found it on level 1 of the Dungeon)
 A - a +0 cloak (worn)
   (You took it off Crazy Yiuf on level 6 of the Dungeon)
 J - a +0 buckler (worn)
   (You found it on level 7 of the Dungeon)
Jewellery
 l - a ring of stealth (left claw) {Stlth+}
   (You found it on level 2 of the Dungeon)
 p - a ring of see invisible (right claw) {sInv, !d}
   (You found it on level 2 of the Dungeon)
 w - an uncursed ring of fire {rF+, rC-}
   (You found it on level 4 of the Dungeon)
Wands
 r - a wand of flame (22)
   (You found it on level 3 of the Dungeon)
 x - a wand of scattershot (6)
   (You found it on level 3 of the Dungeon)
 B - a wand of random effects (12)
   (You found it on level 5 of the Dungeon)
Scrolls
 i - 4 scrolls of fear {unknown}
 j - 3 scrolls of teleportation {unknown}
 m - a scroll of enchant armour {unknown}
 n - 9 scrolls of identify {unknown}
 q - a scroll of fog {unknown}
 s - 2 scrolls of enchant weapon {unknown}
 t - 2 scrolls of amnesia {unknown}
 v - a scroll of remove curse {unknown}
 y - a scroll of acquirement {unknown}
 D - a scroll of immolation {unknown}
 H - a scroll of vulnerability {unknown}
Potions
 d - 2 potions of might
 g - a potion of ambrosia {unknown}
 h - 6 potions of curing {unknown}
 o - 3 potions of degeneration {unknown}
 u - 3 potions of magic {unknown}
 z - 3 potions of heal wounds {unknown}
 E - a potion of agility {unknown}
 G - a potion of cancellation {unknown}
Comestibles
 f - 10 rations


   Skills:
 - Level 3.2 Fighting
 + Level 8.7 Maces & Flails
 - Level 2.6 Armour
 + Level 3.3 Shields
 + Level 4.6 Necromancy
 + Level 4.1 Invocations


You had 7 spell levels left.
You knew the following spells:

 Your Spells              Type           Power        Failure   Level  Hunger
a - Animate Skeleton      Necr           N/A          24%         1    ##.....


Dungeon Overview and Level Annotations

Branches:
Dungeon (7/15)             Temple (1/1) D:4

Altars:
Ashenzari
Cheibriados
Dithmenos
Fedhas
Gozag
Hepliaklqana
Makhleb
Nemelex Xobeh
Okawaru
Qazlal
Ru
Sif Muna
Trog
Uskayaw
Vehumet
Wu Jian
Xom
Yredelemnul
Zin
The Shining One

Shops:
D:5 (


Innate Abilities, Weirdness & Mutations

Your body is rotting away.
You thrive on raw meat.
You are immune to poison.
You have sharp fingernails.
You are carnivorous and can eat meat at any time.
Your flesh is cold resistant. (rC+)
You are immune to negative energy. (rN+++)
You do not regenerate when monsters are visible.
You are immune to unholy pain and torment.
You can survive without breathing.


Message History

You whack the killer bee! You burn the killer bee.
You kill the killer bee!
Okawaru accepts your kill.
Your Invocations skill increases to level 4!
You see here a killer bee corpse.
There isn't anything here!
You see here a killer bee corpse.
You butcher the killer bee corpse.
c - a chunk of flesh {@w0} Eating a chunk of flesh {@w0}.
You eat the chunk of flesh {@w0}.
This raw flesh tastes great!
Okay, then.
Magic restored.
A killer bee comes into view.
A killer bee is nearby!
You are too injured to fight recklessly!
You are too injured to fight recklessly!
You are too injured to fight recklessly!
Okay, then.
You start resting.
A leopard gecko skeleton comes into view.
You are too injured to fight recklessly!
The leopard gecko skeleton barely misses you.
You hit the leopard gecko skeleton. You burn the leopard gecko skeleton.
The leopard gecko skeleton is moderately damaged.
The leopard gecko skeleton bites you but does no damage.
You hit the leopard gecko skeleton. You burn the leopard gecko skeleton.
You destroy the leopard gecko skeleton!
You start resting.
You feel your flesh rotting away.
You start resting.
A killer bee comes into view.
The killer bee buzzes angrily.
The killer bee stings you but does no damage.
You are too injured to fight recklessly!
You are too injured to fight recklessly!
You miss the killer bee. You miss the killer bee.
The killer bee barely misses you.
You hit the killer bee. You burn the killer bee.
The killer bee is lightly wounded.
The killer bee misses you.
You hit the killer bee. You burn the killer bee.
The killer bee is heavily wounded.
The killer bee misses you. The killer bee barely misses you.
You hit the killer bee. You burn the killer bee.
The killer bee is almost dead.
The killer bee stings you.
You hit the killer bee. You burn the killer bee.
You kill the killer bee!
Okawaru accepts your kill.
The killer bee buzzes angrily.
You hear an angry buzzing noise.
The killer bee stings you. The killer bee misses you.
You hit the killer bee but do no damage.
The killer bee stings you. The killer bee closely misses you.
The killer bee stings you but does no damage.
A killer bee comes into view.
You miss the killer bee. The killer bee stings you.
The killer bee stings you but does no damage.
You hit the killer bee. You burn the killer bee.
The killer bee is heavily wounded.
The killer bee barely misses you. You block the killer bee's attack.
The killer bee stings you!
* * * LOW HITPOINT WARNING * * *
The killer bee stings you.
* * * LOW HITPOINT WARNING * * *
You miss the killer bee.
The killer bee is heavily wounded.
The killer bee barely misses you. x2
You hit the killer bee. You burn the killer bee.
The killer bee is almost dead.
The killer bee closely misses you. The killer bee stings you.
* * * LOW HITPOINT WARNING * * *
You miss the killer bee.
The killer bee is almost dead.
The killer bee stings you.
* * * LOW HITPOINT WARNING * * *
The killer bee stings you but does no damage.
The killer bee barely misses you. x2
Your scale mail prevents you from hitting the killer bee.
The killer bee is almost dead.
The killer bee closely misses you.
The killer bee stings you but does no damage.
You closely miss the killer bee.
The killer bee is almost dead.
The killer bee stings you but does no damage.
The killer bee stings you.
* * * LOW HITPOINT WARNING * * *
You barely miss the killer bee.
The killer bee is almost dead.
You block the killer bee's attack. x2
You miss the killer bee.
The killer bee is almost dead.
The killer bee stings you.
* * * LOW HITPOINT WARNING * * *
The killer bee barely misses you. x2
The killer bee stings you but does no damage.
You miss the killer bee.
The killer bee is almost dead.
The killer bee stings you.
You die...

#........# #......$.#
######........#
#..#.#.#.#.#.##
#.#.#.#.#.#.#.#
..#.#.#.#.#.##
##.#.#.#.#.#.#
#.#.#.#y#y#.##
##.#.#.#@#.#.#
#.#.#.#.#.#.##
##.#.#.#.#.#.#
#.#.#[#.#.#.##
##.#.#.#.#.#.#
########.#.#.#.#.#.##
........#.#.#.#.#.#.#
............#########
............#


You could see 2 killer bees.

Vanquished Creatures
  Edmund (D:4)
  A water moccasin (D:7)
  2 ogres (D:4)
  A bullfrog (D:6)
  A wyvern skeleton (D:7)
  A scorpion (D:5)
  4 killer bees (D:7)
  3 wights (D:6)
  4 crimson imps (D:5)
  3 hounds
  4 orc priests
  A centaur skeleton (D:2)
  Crazy Yiuf (D:6)
  An iguana (D:4)
  2 orc wizards
  4 worker ants
  2 hound skeletons
  11 gnolls
  2 howler monkey skeletons
  12 adders
  2 oozes
  3 adder zombies
  An adder skeleton (D:5)
  2 worms
  A dart slug (D:2)
  2 leopard geckos
  11 orcs
  5 bats
  A giant cockroach (D:2)
  A goblin (D:2)
  5 hobgoblins
  2 jackals (D:1)
  7 quokkas
  A ball python (D:2)
  5 frilled lizards
  7 kobolds
  A leopard gecko skeleton (D:7)
  4 rats
122 creatures vanquished.

Notes
Turn   | Place    | Note
-------+----------+-------------------------------------------
     0 | D:1      | sankara the Ghoul Fighter began the quest for the Orb.
     0 | D:1      | Reached XP level 1. HP: 19/19 MP: 0/0
   135 | D:1      | Reached skill level 2 in Maces & Flails
   221 | D:1      | Reached XP level 2. HP: 16/26 MP: 1/1
   773 | D:2      | Reached skill level 3 in Maces & Flails
   773 | D:2      | Reached XP level 3. HP: 28/29 MP: 2/2
   859 | D:2      | Reached XP level 4. HP: 36/37 MP: 3/3
   969 | D:2      | Reached skill level 4 in Maces & Flails
  1484 | D:2      | Reached XP level 5. HP: 45/45 MP: 4/4
  1947 | D:3      | Reached skill level 5 in Maces & Flails
  2230 | D:4      | Learned a level 1 spell: Animate Skeleton
  2264 | D:4      | Reached XP level 6. HP: 51/51 MP: 5/5
  2286 | D:4      | Reached skill level 1 in Necromancy
  2405 | D:4      | Reached skill level 2 in Necromancy
  2691 | D:4      | Reached skill level 6 in Maces & Flails
  2691 | D:4      | Reached skill level 3 in Necromancy
  2691 | D:4      | Reached XP level 7. HP: 49/57 MP: 6/6
  2714 | D:4      | Noticed Edmund
  2748 | D:4      | HP: 11/56 [Edmund/flail of protection (4)]
  2752 | D:4      | Killed Edmund
  3065 | D:4      | Found a staircase to the Ecumenical Temple.
  3074 | Temple   | Entered the Ecumenical Temple
  3230 | Temple   | Became a worshipper of Warmaster Okawaru
  3285 | D:5      | Entered Level 5 of the Dungeon
  3466 | D:5      | Reached skill level 4 in Necromancy
  3541 | D:5      | Found Gefogg's Weapon Emporium.
  3606 | D:5      | Reached skill level 7 in Maces & Flails
  3856 | D:5      | Reached XP level 8. HP: 62/63 MP: 7/7
  3926 | D:5      | Reached * piety under Okawaru
  4280 | D:6      | Reached skill level 1 in Invocations
  4309 | D:6      | Reached skill level 8 in Maces & Flails
  4522 | D:6      | Found a runed door.
  4608 | D:6      | Reached skill level 2 in Invocations
  4620 | D:6      | HP: 15/63 [wight/enchanted war axe (10)]
  4625 | D:6      | HP: 9/63 [wight/enchanted war axe (1)]
  4853 | D:6      | Noticed Crazy Yiuf
  4858 | D:6      | Killed Crazy Yiuf
  4912 | D:7      | Reached skill level 3 in Invocations
  5049 | D:7      | Reached skill level 3 in Shields
  5124 | D:7      | Reached XP level 9. HP: 43/70 MP: 10/10
  5133 | D:7      | Reached skill level 4 in Invocations
  5233 | D:7      | HP: 14/69 [killer bee (6)]
  5238 | D:7      | HP: 5/69 [killer bee (2)]
  5241 | D:7      | Slain by a killer bee

Vault maps used:
D:1:      lemuel_arrival_river_ford
D:2:      first_ration
D:4:      lemuel_temple_firewalk_a, uniq_edmund
D:5:      serial_shops, nicolae_shop_behind_doors, grunt_ministairs_7
D:6:      uniq_crazy_yiuf_cottage
D:7:      kennysheep_housing_project, serial_shops, shop_statue,
          grunt_ogre_cave, minivault_23
Temple:   regret_index_temple_chain_breaker

Skill      XL: |  1  2  3  4  5  6  7  8  9 |
---------------+----------------------------+-----
Maces & Flails | 2 3 4 5 6 7 8 |  8.7
Necromancy     | 3 4 |  4.6
Invocations    | 3 4 |  4.1
Shields        | 3 |  3.3
Fighting       | |  3.2
Armour         | |  2.6

Action                   |  1- 3 |  4- 6 |  7- 9 || total
-------------------------+-------+-------+-------++-------
Melee: Whip              |    63 |   198 |   371 ||   632
       Flail             |     2 |       |       ||     2
Throw: Stone             |       |       |     2 ||     2
 Cast: Animate Skeleton  |       |       |     4 ||     4
Invok: Heroism           |       |       |     3 ||     3
  Eat: Chunk             |     3 |    21 |    26 ||    50
Armor: Scale mail        |    32 |    63 |   104 ||   199
Dodge: Dodged            |    18 |    42 |   109 ||   169
Block: Shield            |    30 |    68 |    84 ||   182
       Buckler           |       |       |    15 ||    15

Table legend:
 A = Spawn XP
 B = Non-spawn XP
 C = Spawn XP percentage of total XP
 D = Spawn monster count
 E = Non-spawn monster count
 F = Spawn count percentage of total count
 G = Total turns spent on level
                    A         B        C        D         E        F      G
               +---------+---------+-------+---------+---------+-------+---------
         Total |       0 |    2531 |   0.0 |       0 |     122 |   0.0 |  5241
               +---------+---------+-------+---------+---------+-------+---------
           D:1 |       0 |      21 |   0.0 |       0 |       9 |   0.0 |   768
           D:2 |       0 |     144 |   0.0 |       0 |      25 |   0.0 |   815
           D:3 |       0 |     113 |   0.0 |       0 |      18 |   0.0 |   637
           D:4 |       0 |     567 |   0.0 |       0 |      17 |   0.0 |   896
           D:5 |       0 |     526 |   0.0 |       0 |      20 |   0.0 |   881
           D:6 |       0 |     543 |   0.0 |       0 |      19 |   0.0 |   726
           D:7 |       0 |     617 |   0.0 |       0 |      14 |   0.0 |   349
               +---------+---------+-------+---------+---------+-------+---------

Vault maps used:
D:1:      lemuel_arrival_river_ford
D:2:      first_ration
D:4:      lemuel_temple_firewalk_a, uniq_edmund
D:5:      serial_shops, nicolae_shop_behind_doors, grunt_ministairs_7
D:6:      uniq_crazy_yiuf_cottage
D:7:      kennysheep_housing_project, serial_shops, shop_statue,
          grunt_ogre_cave, minivault_23
Temple:   regret_index_temple_chain_breaker

Table legend:
 A = Turns spent in this place as a percentage of turns spent in the entire game.
 B = Non-inter-level travel turns spent in this place as a percentage of non-inter-level travel turns spent in the entire game.
 C = Inter-level travel turns spent in this place as a percentage of turns spent in this place.
 D = Turns resting spent in this place as a percentage of non-inter-level travel turns spent in this place.
 E = Turns spent auto-exploring this place as a percentage of non-inter-level travel turns spent in this place.
 F = Non-inter-level travel turns spent in this place divided by the number of levels of this place that you've seen.
                   A       B       C       D       E      F
               +-------+-------+-------+-------+-------+----------------------
         Total | 100.0 | 100.0 |   4.6 |   7.7 |  67.5 | 625.0
       Dungeon |  96.8 |  97.4 |   4.0 |   7.9 |  66.8 | 695.7
        Temple |   3.2 |   2.6 |  23.1 |   0.0 |  96.2 | 130.0
               +-------+-------+-------+-------+-------+----------------------

Table legend:
 A = Kills in this place as a percentage of kills in entire the game.
 B = Kills by you in this place as a percentage of kills by you in the entire game.
 C = Kills by friends in this place as a percentage of kills by friends in the entire game.
 D = Other kills in this place as a percentage of other kills in the entire game.
 E = Experience gained in this place as a percentage of experience gained in the entire game.
 F = Experience gained in this place divided by the number of levels of this place that you have seen.
                   A       B       C       D       E      F
               +-------+-------+-------+-------+-------+----------------------
         Total | 100.0 | 100.0 |   N/A |   N/A | 100.0 | 316.4
       Dungeon | 100.0 | 100.0 |   N/A |   N/A | 100.0 | 361.6
               +-------+-------+-------+-------+-------+----------------------
